 Dungeon Crawl Stone Soup version 0.29-a0-393-g47a863cc1b (console) character file.

Game seed: 14414210161736995127

7 om the Chopper (level 1, -1/19 HPs)
             Began as a Minotaur Berserker on May 10, 2022.
             Was a Follower of Trog.
             Slain by a kobold
             ... wielding a +0 short sword
              (5 damage)
             ... on level 1 of the Dungeon.
             The game lasted 00:00:25 (365 turns).

om the Chopper (Minotaur Berserker)                  Turns: 365, Time: 00:00:27

Health: -1/19      AC:  2    Str: 21    XL:     1   Next: 91%
Magic:  0/0        EV: 12    Int:  4    God:    Trog [*.....]
Gold:   5          SH:  0    Dex:  9    Spells: 0/0 levels left

rFire   . . .      SeeInvis .   a - +0 hand axe
rCold   . . .      Faith    .   (no shield)
rNeg    . . .      Spirit   .   b - +0 animal skin
rPois   .          Reflect  .   (helmet restricted)
rElec   .          Harm     .   (no cloak)
rCorr   .          Rampage  .   (no gloves)
Will    .....                   (no boots)
Stlth   +.........              (no amulet)
HPRegen 0.06/turn               (no ring)
MPRegen 0.07/turn               (no ring)

@: no status effects
A: horns 2, retaliatory headbutt
a: Renounce Religion, Berserk


You were on level 1 of the Dungeon.
You worshipped Trog.
Trog was aware of your devotion.
You visited 1 branch of the dungeon, and saw 1 of its levels.

You collected 5 gold pieces.

Inventory:

Hand Weapons
 a - a +0 hand axe (weapon)
Armour
 b - a +0 animal skin (worn)
Jewellery
 c - a ring of resist corrosion
Scrolls
 d - a scroll of identify {unknown}


   Skills:
 - Level 3.6 Fighting
 * Level 4.2 Axes
 * Level 2.4 Armour
 + Level 2.3 Dodging


You couldn't memorise any spells.
You didn't know any spells.
Your spell library was empty.

Dungeon Overview and Level Annotations

Branches:
Dungeon (1/15)

Altars:


Innate Abilities, Weirdness & Mutations

You have a pair of horns on your head.
You reflexively headbutt those who attack you in melee.


Message History

Trog accepts your kill.
Your Axes skill increases to level 4!
You slash the jackal!
You kill the jackal!
Trog accepts your kill.
The kobold throws a stone.
The stone hits you but does no damage.
You see here a jackal corpse.
A kobold is nearby!
A kobold is nearby!
A kobold is nearby!
The kobold throws a stone.
The stone hits you.
You see here a jackal corpse.
A goblin and a jackal come into view.
The jackal barks!
You hear a shout!
A hobgoblin comes into view.
A kobold comes into view. It is wielding a +0 short sword.
The kobold hits you with a +0 short sword.
You hear a bark! x2
The hobgoblin shouts!
You hit the kobold but do no damage. Your headbutt misses the kobold.
The kobold hits you with a +0 short sword.
* * * LOW HITPOINT WARNING * * *
You hit the kobold.
The kobold is moderately wounded.
The kobold hits you with a +0 short sword.
* * * LOW HITPOINT WARNING * * *
You barely miss the kobold.
The kobold is moderately wounded.
You miss the kobold. The kobold barely misses you.
The kobold closely misses you.
A ball python comes into view.
You are too injured to fight recklessly!
You barely miss the kobold.
The kobold is moderately wounded.
The ball python hisses angrily.
You hit the kobold.
You kill the kobold!
Trog accepts your kill.
The kobold hits you with a +0 short sword.
You die...

...............#
.<.........##.##.#
...............#.#
###.####.###.⌠.#.#
###.####.###...#.# #
##...##...####.#.#.#
##.⌠.##.⌠.# ##.#.#.##.#.
##...##...###..#Kh.g....
###.####.#....##@# #
............####†#.#
#.##############...##
#.##########........#
#...................#
############..÷.....#
#........# #.......S#
#........#


You could see a jackal, a hobgoblin, a ball python and a kobold.

Vanquished Creatures
  An endoplasm (D:1)
  3 jackals (D:1)
  A quokka (D:1)
  A ball python (D:1)
  A kobold (D:1)
7 creatures vanquished.

Notes
Turn   | Place    | Note
-------+----------+-------------------------------------------
     0 | D:1      | om the Minotaur Berserker began the quest for the Orb.
     0 | D:1      | Reached XP level 1. HP: 19/19 MP: 0/0
   357 | D:1      | Reached skill level 4 in Axes
   365 | D:1      | Slain by a kobold

Illustrated notes

Levels and vault maps discovered:
D:1:      dpeg_arrival_chambers_temple_mockup, layout_basic,
          chequers_ecumenical_altar_simple_redux

Skill      XL: |  1 |
---------------+----+-----
Axes           | 4 |  4.2
Fighting       | |  3.6
Armour         | |  2.4
Dodging        | |  2.3

Action                   || total
-------------------------++-------
Melee: Hand axe          ||    15
       Headbutt          ||     1
Invok: Berserk           ||     1
Armor: Animal skin       ||     4
Dodge: Dodged            ||    14

Table legend: (Time is in decaauts)
 A = Elapsed time spent in this place.
 B = Non-inter-level travel time spent in this place.
 C = Inter-level travel time spent in this place.
 D = Time resting spent in this place.
 E = Time spent auto-exploring this place.
 F = Levels seen in this place.
 G = Mean time per level.
                   A        B        C        D        E       F      G
               +--------+--------+--------+--------+--------+-----+--------+
         Total |    382 |    382 |      0 |    207 |    145 |   1 |  382.0 |
       Dungeon |    382 |    382 |      0 |    207 |    145 |   1 |  382.0 |
               +--------+--------+--------+--------+--------+-----+--------+

Top non-repeatable levels by time:
     D:1: 382 daAuts
